Comets vs Rampage

Created - Monday, February 01, 2016 at 02:10

Goals
1 2 3 T
Comets 0 0 0 0
Rampage 1 0 0 1
Shots
1 2 3 T
Comets 5 5 9 19
Rampage 9 8 3 20

1st period

1. Rampage , Christian Thomas 17 (Taylor Beck) at 15:18

Penalties :
Liam O'Brien (SAN) for Roughing (Minor) at 15:46

2nd period

No Goal

Penalties :
Liam O'Brien (SAN) for Holding (Minor) at 1:19, Tanner Richard (SAN) for Goalie Interference (Minor) at 6:52, Jared Boll (UTI) for High sticking (Minor) at 19:57

3rd period

No Goal

Penalties :
Liam O'Brien (SAN) for High sticking (Minor) at 3:44

Goalie Stats

Mike Condon (UTI), 19 saves from 20 shots - (0.950), L, 31-13-13, 59:48 minutes
Pheonix Copley (SAN), 19 saves from 19 shots - (1.000), W, 26-5-8, 60:00 minutes

Players Stats for Comets

Player Name              G  A  P  +/- PIM S  H  SB GA TA FO     MP     PP MP  PK MP  
------------------------------------------------------------------------------------
Andrew Ference           0  0  0   0  0   2  0  1  0  2  0/0    22:52   4:32   0:56 
Ben Hanowski             0  0  0   0  0   1  1  0  1  0  0/0    18:51   4:31   1:33 
Colby Robak              0  0  0   0  0   1  0  2  0  0  0/0    22:52   4:32   0:56 
Corbin McPherson         0  0  0   0  0   0  6  0  0  2  0/0    22:00   3:24   1:03 
Derek Meech              0  0  0   0  0   0  3  0  0  0  0/0    16:59   0:00   0:00 
Dylan McIlrath           0  0  0   0  0   0  0  0  0  0  0/0     0:00   0:00   0:00 
Jared Boll               0  0  0   0  2   2  3  1  2  1  1/1    20:17   3:25   0:00 
Jeremy Welsh             0  0  0   0  0   0  2  0  1  0  6/13   20:48   3:51   0:26 
Landon Ferraro           0  0  0   0  0   2  0  0  0  0  2/4     8:46   0:00   0:26 
Mat Clark                0  0  0  -1  0   0  1  1  0  1  0/0    16:58   0:00   1:03 
Mike Sislo               0  0  0  -1  0   2  2  0  3  2  3/5    17:24   0:00   0:00 
Nicklas Jensen           0  0  0   0  0   3  1  0  1  2  0/0    18:10   4:05   0:00 
Reid Boucher             0  0  0  -1  0   0  0  0  0  0  0/0    12:59   0:00   0:00 
Ryan Martindale          0  0  0  -1  0   2  1  0  1  0  9/12   19:23   4:05   1:33 
Scott Glennie            0  0  0   0  0   0  0  0  0  0  0/1     4:33   0:00   0:00 
Sven Baertschi           0  0  0   0  0   4  0  0  7  0  0/1    17:09   0:00   0:00 
Tyler Kennedy            0  0  0   0  0   0  2  0  2  1  1/2    19:15   3:51   0:00 
Yann Sauve               0  0  0  -1  0   0  1  2  0  1  0/0    18:43   3:24   0:00 

Players Stats for Rampage

Player Name              G  A  P  +/- PIM S  H  SB GA TA FO     MP     PP MP  PK MP  
------------------------------------------------------------------------------------
Andrew Cherniwchan       0  0  0   0  0   0  1  0  0  0  0/0    14:25   0:00   0:00 
Benn Ferriero            0  0  0   0  0   0  0  0  2  1  2/2    12:05   0:00   2:36 
Brett Hextall            0  0  0   1  0   0  1  1  0  0  1/1     5:18   0:00   0:00 
Bryan Rust               0  0  0   0  0   2  3  0  6  1  0/0    15:52   0:46   0:08 
Christian Thomas         1  0  1   1  0   4  2  0  3  0  1/2    15:44   1:13   1:56 
Connor Brickley          0  0  0   0  0   1  1  1  0  0  3/10   14:57   0:46   0:00 
Daniel Briere            0  0  0   0  0   3  1  0  2  0  5/17   20:42   1:13   4:41 
Joel Chouinard           0  0  0   1  0   1  1  1  0  1  0/0    15:40   0:00   0:00 
Jordan Szwarz            0  0  0   0  0   0  0  0  0  0  0/0    14:25   0:00   0:00 
Keaton Ellerby           0  0  0   0  0   0  4  0  0  0  0/0    20:47   0:46   3:25 
Ladislav Smid            0  0  0   0  0   1  2  0  1  1  0/0    23:33   1:13   4:31 
Liam O'Brien             0  0  0   0  6   1  1  0  2  0  1/1    16:48   0:46   0:31 
Matthew Corrente         0  0  0   0  0   0  1  2  0  3  0/0    20:47   0:46   3:25 
Michal Rozsival          0  0  0   0  0   3  1  0  2  3  0/0    23:33   1:13   4:31 
Steven Hodges            0  0  0   0  0   0  1  0  0  0  2/4     8:54   0:00   0:00 
Tanner Richard           0  0  0   0  2   1  3  1  2  0  2/2    14:25   0:00   0:00 
Taylor Beck              0  1  1   1  0   1  2  3  1  0  0/0    18:25   1:13   6:00 
Tomas Kundratek          0  0  0   1  0   2  2  1  1  1  0/0    15:40   0:00   0:00 

3 Stars

1 - Pheonix Copley (SAN)
2 - Christian Thomas (SAN)
3 - Mike Condon (UTI)

Power Play

Comets - 0 on 4 Attempt(s) - 0.00%
Rampage - 0 on 2 Attempt(s) - 0.00%

Penalty Kill

Comets - 2 on 2 Attempt(s) - 100.00% - Score 0 goal in Penalty Kill
Rampage - 4 on 4 Attempt(s) - 100.00% - Score 0 goal in Penalty Kill

Team Stat

Comets - Hits : 23 - Faceoff Wins : 22 - Blocked Shots : 7 - Penalty Minutes : 2
Rampage - Hits : 27 - Faceoff Wins : 17 - Blocked Shots : 10 - Penalty Minutes : 8

Official

Referees : Unknown
Linesman : Unknown

Game Notes

17:11 of 3rd period - Penalty Shot by Corbin McPherson for Comets - Stopped by Pheonix Copley

Finance

Level 1 -- Attendance: 1468 (73.40%) -- Ticket Income $48,444
Level 2 -- Attendance: 691 (69.10%) -- Ticket Income $8,983
Total Attendance: 2159 (71.97%)
Total Ticket Income: $57,427
Other Income: $28,139
Total Income: $85,566

Comets

5 vs 5 Forward 
   Center                   Left Wing                Right Wing               Time % Phy DF OF 
 1 Jeremy Welsh             Tyler Kennedy            Jared Boll               35     1   2  2  
 2 Mike Sislo               Sven Baertschi           Nicklas Jensen           30     1   2  2  
 3 Ryan Martindale          Mike Sislo               Reid Boucher             22     1   2  2  
 4 Sven Baertschi           Ben Hanowski             Jared Boll               13     1   2  2  

5 vs 5 Defense 
   Defense                  Defense                                           Time % Phy DF OF 
 1 Andrew Ference           Colby Robak                                       35     1   2  2  
 2 Derek Meech              Corbin McPherson                                  30     1   2  2  
 3 Yann Sauve               Mat Clark                                         22     1   2  2  
 4 Andrew Ference           Colby Robak                                       13     1   2  2  

PowerPlay Forward 
   Center                   Left Wing                Right Wing               Time % Phy DF OF 
 1 Jeremy Welsh             Tyler Kennedy            Jared Boll               60     1   2  2  
 2 Ryan Martindale          Ben Hanowski             Nicklas Jensen           40     1   2  2  

PowerPlay Defense
   Defense                  Defense                                           Time % Phy DF OF 
 1 Andrew Ference           Colby Robak                                       60     1   2  2  
 2 Yann Sauve               Corbin McPherson                                  40     1   2  2  

Penalty Kill 4 Players Forward 
   Center                   Wing                     Time % Phy DF OF 
 1 Ryan Martindale          Jared Boll               60     1   2  2  
 2 Jeremy Welsh             Ben Hanowski             40     1   2  2  

Penalty Kill 4 Players Defense
   Defense                  Defense                  Time % Phy DF OF 
 1 Andrew Ference           Colby Robak              60     1   2  2  
 2 Mat Clark                Corbin McPherson         40     1   2  2  

Penalty Kill - 3 Players Forward 
   Forward                                           Time % Phy DF OF 
 1 Jeremy Welsh                                      60     1   2  2  
 2 Jared Boll                                        40     1   2  2  

Penalty Kill - 3 Players Defense
   Defense                  Defense                  Time % Phy DF OF 
 1 Andrew Ference           Colby Robak              60     1   2  2  
 2 Mat Clark                Corbin McPherson         40     1   2  2  

4 vs 4 Forward 
   Center                   Wing                     Time % Phy DF OF 
 1 Ryan Martindale          Jared Boll               60     1   2  2  
 2 Jeremy Welsh             Ben Hanowski             40     1   2  2  

4 vs 4 Defense
   Defense                  Defense                  Time % Phy DF OF 
 1 Andrew Ference           Colby Robak              60     1   2  2  
 2 Yann Sauve               Corbin McPherson         40     1   2  2  

Last Minutes Offensive
   Center                   Left Wing                Right Wing               Defense                  Defense                  
   Jeremy Welsh             Tyler Kennedy            Jared Boll               Andrew Ference           Colby Robak              

Last Minutes Defensive
   Center                   Left Wing                Right Wing               Defense                  Defense                  
   Jeremy Welsh             Tyler Kennedy            Jared Boll               Andrew Ference           Colby Robak              

Goaltenders
Starting : Mike Condon              
Backup : Chris Driedger           

Extra Forwards
Normal : Ryan Martindale, Jared Boll, Jeremy Welsh - PP : Ryan Martindale, Jared Boll - PK : Jared Boll
Extra Defensemen
Normal : Yann Sauve, Mat Clark, Colby Robak - PP : Yann Sauve - PK : Mat Clark, Andrew Ference
Penalty Shots
Tyler Kennedy, Mike Sislo, Jared Boll, Jeremy Welsh, Ben Hanowski

Rampage

5 vs 5 Forward 
   Center                   Left Wing                Right Wing               Time % Phy DF OF 
 1 Daniel Briere            Taylor Beck              Christian Thomas         35     1   2  2  
 2 Connor Brickley          Liam O'Brien             Bryan Rust               30     1   2  2  
 3 Tanner Richard           Andrew Cherniwchan       Jordan Szwarz            22     1   2  2  
 4 Steven Hodges            Daniel Briere            Benn Ferriero            13     1   2  2  

5 vs 5 Defense 
   Defense                  Defense                                           Time % Phy DF OF 
 1 Michal Rozsival          Ladislav Smid                                     35     1   2  2  
 2 Keaton Ellerby           Matthew Corrente                                  30     1   2  2  
 3 Tomas Kundratek          Joel Chouinard                                    22     1   2  2  
 4 Michal Rozsival          Ladislav Smid                                     13     1   2  2  

PowerPlay Forward 
   Center                   Left Wing                Right Wing               Time % Phy DF OF 
 1 Daniel Briere            Taylor Beck              Christian Thomas         60     1   2  2  
 2 Connor Brickley          Liam O'Brien             Bryan Rust               40     1   2  2  

PowerPlay Defense
   Defense                  Defense                                           Time % Phy DF OF 
 1 Michal Rozsival          Ladislav Smid                                     60     1   2  2  
 2 Keaton Ellerby           Matthew Corrente                                  40     1   2  2  

Penalty Kill 4 Players Forward 
   Center                   Wing                     Time % Phy DF OF 
 1 Daniel Briere            Taylor Beck              60     1   2  2  
 2 Christian Thomas         Liam O'Brien             40     1   2  2  

Penalty Kill 4 Players Defense
   Defense                  Defense                  Time % Phy DF OF 
 1 Michal Rozsival          Ladislav Smid            60     1   2  2  
 2 Keaton Ellerby           Matthew Corrente         40     1   2  2  

Penalty Kill - 3 Players Forward 
   Forward                                           Time % Phy DF OF 
 1 Daniel Briere                                     60     1   2  2  
 2 Taylor Beck                                       40     1   2  2  

Penalty Kill - 3 Players Defense
   Defense                  Defense                  Time % Phy DF OF 
 1 Michal Rozsival          Ladislav Smid            60     1   2  2  
 2 Keaton Ellerby           Matthew Corrente         40     1   2  2  

4 vs 4 Forward 
   Center                   Wing                     Time % Phy DF OF 
 1 Daniel Briere            Taylor Beck              60     1   2  2  
 2 Christian Thomas         Liam O'Brien             40     1   2  2  

4 vs 4 Defense
   Defense                  Defense                  Time % Phy DF OF 
 1 Michal Rozsival          Ladislav Smid            60     1   2  2  
 2 Keaton Ellerby           Matthew Corrente         40     1   2  2  

Last Minutes Offensive
   Center                   Left Wing                Right Wing               Defense                  Defense                  
   Daniel Briere            Taylor Beck              Christian Thomas         Michal Rozsival          Ladislav Smid            

Last Minutes Defensive
   Center                   Left Wing                Right Wing               Defense                  Defense                  
   Daniel Briere            Taylor Beck              Christian Thomas         Michal Rozsival          Ladislav Smid            

Goaltenders
Starting : Pheonix Copley           
Backup : Viktor Fasth             

Extra Forwards
Normal : Brett Hextall, Jordan Szwarz, Benn Ferriero - PP : Brett Hextall, Jordan Szwarz - PK : Benn Ferriero
Extra Defensemen
Normal : Tomas Kundratek, Joel Chouinard, Keaton Ellerby - PP : Tomas Kundratek - PK : Joel Chouinard, Keaton Ellerby
Penalty Shots
Daniel Briere, Taylor Beck, Christian Thomas, Liam O'Brien, Bryan Rust

% Time on Ice - Comets

Lines # - Real PCT - Wanted PCT - Time Play
Normal Forward
1 - 35% - 35% - 17:23
2 - 29% - 30% - 14:06
3 - 25% - 22% - 12:25
4 - 11% - 13% - 5:30
Normal Defense
1 - 30% - 35% - 15:04
2 - 36% - 30% - 17:33
3 - 31% - 22% - 15:08
4 - 3% - 13% - 1:39
PP Forward
1 - 49% - 60% - 3:51
2 - 51% - 40% - 4:05
PP Defense
1 - 57% - 60% - 4:32
2 - 43% - 40% - 3:24
PK Forward
1 - 100% - 60% - 1:59
2 - 0% - 40% - 0:00
PK Defense
1 - 47% - 60% - 0:56
2 - 53% - 40% - 1:03
PK3 Forward
1 - 0% - 60%
2 - 0% - 40%
PK3 Defense
1 - 0% - 60%
2 - 0% - 40%
44 Forward
1 - 0% - 60%
2 - 0% - 40%
44 Defense
1 - 0% - 60%
2 - 0% - 40%
Last Minute Offensive  - 0:41
Last Minute Defensive  - 0:00
Total
Forward - 60:00
Defense - 60:00

% Time on Ice - Rampage

Lines # - Real PCT - Wanted PCT - Time Play
Normal Forward
1 - 21% - 35% - 10:31
2 - 32% - 30% - 15:34
3 - 29% - 22% - 14:25
4 - 18% - 13% - 8:54
Normal Defense
1 - 31% - 35% - 15:30
2 - 34% - 30% - 16:36
3 - 31% - 22% - 15:21
4 - 4% - 13% - 1:57
PP Forward
1 - 61% - 60% - 1:13
2 - 39% - 40% - 0:46
PP Defense
1 - 61% - 60% - 1:13
2 - 39% - 40% - 0:46
PK Forward
1 - 76% - 60% - 6:00
2 - 24% - 40% - 1:56
PK Defense
1 - 57% - 60% - 4:31
2 - 43% - 40% - 3:25
PK3 Forward
1 - 0% - 60%
2 - 0% - 40%
PK3 Defense
1 - 0% - 60%
2 - 0% - 40%
44 Forward
1 - 0% - 60%
2 - 0% - 40%
44 Defense
1 - 0% - 60%
2 - 0% - 40%
Last Minute Offensive  - 0:00
Last Minute Defensive  - 0:41
Total
Forward - 60:00
Defense - 60:00

Play by Play

1st period


0:01 of 1st period - Jeremy Welsh wins face-off versus Daniel Briere in neutral zone.
0:06 of 1st period - Snap shot by Jared Boll.
0:06 of 1st period - Stopped by Pheonix Copley without a rebound.
0:07 of 1st period - Jeremy Welsh wins face-off versus Daniel Briere in Rampage zone.
0:10 of 1st period - Slapshot by Jared Boll.
0:10 of 1st period - Shot Misses the Net.
0:34 of 1st period - Snap shot by Christian Thomas.
0:34 of 1st period - Stopped by Mike Condon with a rebound.
0:36 of 1st period - Snap shot by Taylor Beck.
0:36 of 1st period - Stopped by Mike Condon without a rebound.
0:37 of 1st period - Mike Sislo wins face-off versus Connor Brickley in Comets zone.
0:37 of 1st period - Mike Sislo is hit by Keaton Ellerby.
1:03 of 1st period - Wrist shot by Sven Baertschi.
1:03 of 1st period - Stopped by Pheonix Copley with a rebound.
1:28 of 1st period - Keaton Ellerby is hit by Corbin McPherson and loses puck.
1:35 of 1st period - Wrist shot by Andrew Cherniwchan.
1:35 of 1st period - Shot Misses the Net.
1:43 of 1st period - Jordan Szwarz is hit by Ryan Martindale.
2:46 of 1st period - Michal Rozsival is hit by Ben Hanowski and loses puck.
3:39 of 1st period - Ben Hanowski is hit by Bryan Rust and loses puck.
4:29 of 1st period - Snap shot by Mike Sislo.
4:29 of 1st period - Shot Misses the Net.
5:01 of 1st period - Colby Robak is hit by Tanner Richard and loses puck.
5:58 of 1st period - Wrist shot by Landon Ferraro.
5:58 of 1st period - Deflect By Sven Baertschi.
5:58 of 1st period - Stopped by Pheonix Copley with a rebound.
6:18 of 1st period - Jeremy Welsh is hit by Christian Thomas and loses puck.
7:31 of 1st period - Reid Boucher is hit by Connor Brickley and loses puck.
9:20 of 1st period - Slapshot by Joel Chouinard.
9:20 of 1st period - Stopped by Mike Condon without a rebound.
9:21 of 1st period - Landon Ferraro wins face-off versus Steven Hodges in Comets zone.
10:33 of 1st period - Ladislav Smid is hit by Jeremy Welsh and loses puck.
11:01 of 1st period - Bryan Rust is hit by Tyler Kennedy.
12:53 of 1st period - Snap shot by Nicklas Jensen.
12:53 of 1st period - Deflect By Bryan Rust.
12:53 of 1st period - Stopped by Pheonix Copley without a rebound.
12:54 of 1st period - Connor Brickley wins face-off versus Scott Glennie in Rampage zone.
13:32 of 1st period - Matthew Corrente is hit by Nicklas Jensen.
13:42 of 1st period - Wrist shot by Tanner Richard.
13:42 of 1st period - Stopped by Mike Condon with a rebound.
15:16 of 1st period - Wrist shot by Taylor Beck.
15:16 of 1st period - Shot Misses the Net.
15:18 of 1st period - Wrist shot by Christian Thomas.
15:18 of 1st period - Goal by Christian Thomas - Comets : 0 - Rampage : 1.
15:19 of 1st period - Jared Boll wins face-off versus Connor Brickley in neutral zone.
15:41 of 1st period - Andrew Ference is hit by Keaton Ellerby.
15:46 of 1st period - Minor Penalty to Liam O'Brien for Roughing.
15:47 of 1st period - Ryan Martindale wins face-off versus Daniel Briere in Rampage zone.
15:53 of 1st period - Slapshot by Nicklas Jensen.
15:53 of 1st period - Stopped by Pheonix Copley without a rebound.
15:54 of 1st period - Ryan Martindale wins face-off versus Daniel Briere in Rampage zone.
16:13 of 1st period - Slapshot by Daniel Briere.
16:13 of 1st period - Deflect By Ben Hanowski.
16:13 of 1st period - Stopped by Mike Condon without a rebound.
16:14 of 1st period - Jeremy Welsh wins face-off versus Daniel Briere in Comets zone.
16:18 of 1st period - Off-side.
16:19 of 1st period - Jeremy Welsh wins face-off versus Daniel Briere in neutral zone.
16:50 of 1st period - Slapshot by Daniel Briere.
16:50 of 1st period - Stopped by Mike Condon without a rebound.
16:51 of 1st period - Ryan Martindale wins face-off versus Daniel Briere in Comets zone.
17:38 of 1st period - Slapshot by Ladislav Smid.
17:38 of 1st period - Stopped by Mike Condon with a rebound.
17:46 of 1st period - Penalty to Liam O'Brien is over, Liam O'Brien is back on ice.
17:51 of 1st period - Icing by Benn Ferriero.
17:52 of 1st period - Benn Ferriero wins face-off versus Mike Sislo in Rampage zone.
18:09 of 1st period - Keaton Ellerby is hit by Derek Meech and loses puck.
18:48 of 1st period - Ben Hanowski is hit by Andrew Cherniwchan and loses puck.
19:21 of 1st period - Wrist shot by Bryan Rust.
19:21 of 1st period - Shot Misses the Net.
19:29 of 1st period - Snap shot by Liam O'Brien.
19:29 of 1st period - Shot Blocked by Jared Boll.
19:31 of 1st period - Snap shot by Bryan Rust.
19:31 of 1st period - Shot Misses the Net.
19:35 of 1st period - Snap shot by Connor Brickley.
19:35 of 1st period - Stopped by Mike Condon with a rebound.
19:37 of 1st period - Snap shot by Bryan Rust.
19:37 of 1st period - Shot Misses the Net.
19:40 of 1st period - Icing by Yann Sauve.
19:41 of 1st period - Daniel Briere wins face-off versus Jeremy Welsh in Comets zone.
Goals for this period are 0 for Comets vs 1 for Rampage.
Shots for this period are 5 for Comets vs 9 for Rampage.

2nd period


0:01 of 2nd period - Mike Sislo wins face-off versus Daniel Briere in neutral zone.
0:56 of 2nd period - Corbin McPherson is hit by Bryan Rust.
1:19 of 2nd period - Minor Penalty to Liam O'Brien for Holding.
1:20 of 2nd period - Daniel Briere wins face-off versus Ryan Martindale in Rampage zone.
1:28 of 2nd period - Wrist shot by Ryan Martindale.
1:28 of 2nd period - Stopped by Pheonix Copley with a rebound.
2:24 of 2nd period - Christian Thomas is hit by Corbin McPherson and loses puck.
2:39 of 2nd period - Jared Boll is hit by Michal Rozsival and loses puck.
3:08 of 2nd period - Off-side.
3:09 of 2nd period - Ryan Martindale wins face-off versus Christian Thomas in neutral zone.
3:19 of 2nd period - Penalty to Liam O'Brien is over, Liam O'Brien is back on ice.
4:22 of 2nd period - Andrew Cherniwchan is hit by Derek Meech and loses puck.
4:27 of 2nd period - Snap shot by Sven Baertschi.
4:27 of 2nd period - Shot Misses the Net.
5:21 of 2nd period - Tomas Kundratek is hit by Mike Sislo and loses puck.
5:40 of 2nd period - Scott Glennie is hit by Taylor Beck and loses puck.
6:01 of 2nd period - Slapshot by Michal Rozsival.
6:01 of 2nd period - Stopped by Mike Condon with a rebound.
6:03 of 2nd period - Slapshot by Michal Rozsival.
6:03 of 2nd period - Stopped by Mike Condon without a rebound.
6:04 of 2nd period - Tanner Richard wins face-off versus Jeremy Welsh in Comets zone.
6:04 of 2nd period - Michal Rozsival is hit by Derek Meech.
6:15 of 2nd period - Off-side.
6:16 of 2nd period - Jeremy Welsh wins face-off versus Connor Brickley in neutral zone.
6:33 of 2nd period - Wrist shot by Bryan Rust.
6:33 of 2nd period - Shot Misses the Net.
6:35 of 2nd period - Slapshot by Keaton Ellerby.
6:35 of 2nd period - Shot Misses the Net.
6:52 of 2nd period - Minor Penalty to Tanner Richard for Goalie Interference.
6:53 of 2nd period - Daniel Briere wins face-off versus Tyler Kennedy in Rampage zone.
7:29 of 2nd period - Wrist shot by Ben Hanowski.
7:29 of 2nd period - Shot Blocked by Taylor Beck.
8:20 of 2nd period - Snap shot by Nicklas Jensen.
8:20 of 2nd period - Deflect By Ben Hanowski.
8:20 of 2nd period - Stopped by Pheonix Copley with a rebound.
8:22 of 2nd period - Snap shot by Ryan Martindale.
8:22 of 2nd period - Shot Misses the Net.
8:52 of 2nd period - Penalty to Tanner Richard is over, Tanner Richard is back on ice.
9:13 of 2nd period - Snap shot by Jordan Szwarz.
9:13 of 2nd period - Shot Blocked by Colby Robak.
9:26 of 2nd period - Off-side.
9:27 of 2nd period - Liam O'Brien wins face-off versus Ryan Martindale in neutral zone.
9:37 of 2nd period - Off-side.
9:38 of 2nd period - Ryan Martindale wins face-off versus Connor Brickley in neutral zone.
9:57 of 2nd period - Bryan Rust is hit by Mike Sislo and loses puck.
10:11 of 2nd period - Mike Sislo is hit by Keaton Ellerby.
10:37 of 2nd period - Michal Rozsival is hit by Jared Boll and loses puck.
11:08 of 2nd period - Slapshot by Tomas Kundratek.
11:08 of 2nd period - Stopped by Mike Condon with a rebound.
12:10 of 2nd period - Christian Thomas is hit by Jared Boll and loses puck.
12:23 of 2nd period - Snap shot by Tyler Kennedy.
12:23 of 2nd period - Shot Misses the Net.
12:41 of 2nd period - Bryan Rust is hit by Corbin McPherson and loses puck.
12:55 of 2nd period - Off-side.
12:56 of 2nd period - Tanner Richard wins face-off versus Landon Ferraro in neutral zone.
13:21 of 2nd period - Slapshot by Ladislav Smid.
13:21 of 2nd period - Deflect By Jordan Szwarz.
13:21 of 2nd period - Shot Misses the Net.
13:21 of 2nd period - Puck is out of play.
13:22 of 2nd period - Tyler Kennedy wins face-off versus Connor Brickley in Comets zone.
13:37 of 2nd period - Andrew Ference is hit by Matthew Corrente and loses puck.
14:27 of 2nd period - Snap shot by Mike Sislo.
14:27 of 2nd period - Stopped by Pheonix Copley with a rebound.
14:45 of 2nd period - Slapshot by Daniel Briere.
14:45 of 2nd period - Deflect By Benn Ferriero.
14:45 of 2nd period - Shot Misses the Net.
14:45 of 2nd period - Puck is out of play.
14:46 of 2nd period - Steven Hodges wins face-off versus Sven Baertschi in Comets zone.
15:05 of 2nd period - Mat Clark is hit by Liam O'Brien and loses puck.
15:12 of 2nd period - Wrist shot by Bryan Rust.
15:12 of 2nd period - Stopped by Mike Condon with a rebound.
15:14 of 2nd period - Slapshot by Michal Rozsival.
15:14 of 2nd period - Shot Blocked by Mat Clark.
15:16 of 2nd period - Snap shot by Bryan Rust.
15:16 of 2nd period - Stopped by Mike Condon with a rebound.
15:40 of 2nd period - Jeremy Welsh is hit by Tanner Richard and loses puck.
16:11 of 2nd period - Slapshot by Daniel Briere.
16:11 of 2nd period - Stopped by Mike Condon with a rebound.
16:13 of 2nd period - Slapshot by Tomas Kundratek.
16:13 of 2nd period - Deflect By Daniel Briere.
16:13 of 2nd period - Shot Misses the Net.
16:13 of 2nd period - Puck is out of play.
16:14 of 2nd period - Ryan Martindale wins face-off versus Daniel Briere in Comets zone.
16:14 of 2nd period - Ryan Martindale is hit by Joel Chouinard.
17:07 of 2nd period - Nicklas Jensen is hit by Tomas Kundratek and loses puck.
17:12 of 2nd period - Slapshot by Christian Thomas.
17:12 of 2nd period - Stopped by Mike Condon with a rebound.
17:23 of 2nd period - Snap shot by Taylor Beck.
17:23 of 2nd period - Deflect By Christian Thomas.
17:23 of 2nd period - Stopped by Mike Condon with a rebound.
17:25 of 2nd period - Wrist shot by Taylor Beck.
17:25 of 2nd period - Shot Misses the Net.
17:35 of 2nd period - Nicklas Jensen is hit by Keaton Ellerby and loses puck.
18:01 of 2nd period - Colby Robak is hit by Steven Hodges and loses puck.
18:28 of 2nd period - Michal Rozsival is hit by Jared Boll and loses puck.
18:53 of 2nd period - Wrist shot by Sven Baertschi.
18:53 of 2nd period - Shot Blocked by Joel Chouinard.
18:55 of 2nd period - Snap shot by Mat Clark.
18:55 of 2nd period - Shot Misses the Net.
18:57 of 2nd period - Snap shot by Sven Baertschi.
18:57 of 2nd period - Shot Blocked by Tomas Kundratek.
19:23 of 2nd period - Benn Ferriero is hit by Yann Sauve and loses puck.
19:34 of 2nd period - Slapshot by Tyler Kennedy.
19:34 of 2nd period - Deflect By Jared Boll.
19:34 of 2nd period - Stopped by Pheonix Copley with a rebound.
19:36 of 2nd period - Snap shot by Colby Robak.
19:36 of 2nd period - Deflect By Daniel Briere.
19:36 of 2nd period - Stopped by Pheonix Copley without a rebound.
19:37 of 2nd period - Connor Brickley wins face-off versus Jeremy Welsh in Rampage zone.
19:57 of 2nd period - Minor Penalty to Jared Boll for High sticking.
19:58 of 2nd period - Ryan Martindale wins face-off versus Daniel Briere in Comets zone.
19:58 of 2nd period - Ryan Martindale is hit by Ladislav Smid.
Goals for this period are 0 for Comets vs 0 for Rampage.
Shots for this period are 5 for Comets vs 8 for Rampage.

3rd period


0:01 of 3rd period - Ryan Martindale wins face-off versus Daniel Briere in neutral zone.
0:36 of 3rd period - Ryan Martindale is hit by Christian Thomas.
1:09 of 3rd period - Mat Clark is hit by Bryan Rust and loses puck.
1:57 of 3rd period - Penalty to Jared Boll is over, Jared Boll is back on ice.
1:58 of 3rd period - Keaton Ellerby is hit by Jeremy Welsh and loses puck.
2:05 of 3rd period - Tomas Kundratek is hit by Mat Clark and loses puck.
2:30 of 3rd period - Snap shot by Mike Sislo.
2:30 of 3rd period - Stopped by Pheonix Copley with a rebound.
2:32 of 3rd period - Snap shot by Sven Baertschi.
2:32 of 3rd period - Shot Misses the Net.
2:34 of 3rd period - Slapshot by Nicklas Jensen.
2:34 of 3rd period - Shot Blocked by Tanner Richard.
2:43 of 3rd period - Slapshot by Andrew Ference.
2:43 of 3rd period - Stopped by Pheonix Copley with a rebound.
2:45 of 3rd period - Snap shot by Andrew Ference.
2:45 of 3rd period - Stopped by Pheonix Copley without a rebound.
2:46 of 3rd period - Jeremy Welsh wins face-off versus Steven Hodges in Rampage zone.
2:51 of 3rd period - Slapshot by Tyler Kennedy.
2:51 of 3rd period - Deflect By Jared Boll.
2:51 of 3rd period - Shot Misses the Net.
2:51 of 3rd period - Puck is out of play.
2:52 of 3rd period - Benn Ferriero wins face-off versus Jeremy Welsh in Rampage zone.
2:52 of 3rd period - Benn Ferriero is hit by Tyler Kennedy.
2:57 of 3rd period - Michal Rozsival is hit by Corbin McPherson and loses puck.
3:14 of 3rd period - Michal Rozsival is hit by Corbin McPherson and loses puck.
3:29 of 3rd period - Snap shot by Sven Baertschi.
3:29 of 3rd period - Shot Blocked by Matthew Corrente.
3:41 of 3rd period - Snap shot by Nicklas Jensen.
3:41 of 3rd period - Stopped by Pheonix Copley without a rebound.
3:42 of 3rd period - Connor Brickley wins face-off versus Mike Sislo in Rampage zone.
3:44 of 3rd period - Minor Penalty to Liam O'Brien for High sticking.
3:45 of 3rd period - Daniel Briere wins face-off versus Jeremy Welsh in Rampage zone.
5:28 of 3rd period - Snap shot by Nicklas Jensen.
5:28 of 3rd period - Shot Blocked by Taylor Beck.
5:30 of 3rd period - Snap shot by Ryan Martindale.
5:30 of 3rd period - Shot Blocked by Taylor Beck.
5:32 of 3rd period - Snap shot by Ryan Martindale.
5:32 of 3rd period - Stopped by Pheonix Copley without a rebound.
5:33 of 3rd period - Christian Thomas wins face-off versus Ryan Martindale in Rampage zone.
5:44 of 3rd period - Penalty to Liam O'Brien is over, Liam O'Brien is back on ice.
6:10 of 3rd period - Yann Sauve is hit by Ladislav Smid and loses puck.
6:57 of 3rd period - Snap shot by Sven Baertschi.
6:57 of 3rd period - Stopped by Pheonix Copley with a rebound.
7:14 of 3rd period - Jordan Szwarz is hit by Corbin McPherson and loses puck.
8:16 of 3rd period - Wrist shot by Benn Ferriero.
8:16 of 3rd period - Shot Blocked by Yann Sauve.
8:52 of 3rd period - Mike Sislo is hit by Tomas Kundratek and loses puck.
11:26 of 3rd period - Slapshot by Landon Ferraro.
11:26 of 3rd period - Stopped by Pheonix Copley with a rebound.
11:28 of 3rd period - Snap shot by Landon Ferraro.
11:28 of 3rd period - Shot Blocked by Brett Hextall.
12:31 of 3rd period - Wrist shot by Liam O'Brien.
12:31 of 3rd period - Stopped by Mike Condon with a rebound.
12:33 of 3rd period - Snap shot by Bryan Rust.
12:33 of 3rd period - Shot Blocked by Andrew Ference.
12:35 of 3rd period - Snap shot by Tomas Kundratek.
12:35 of 3rd period - Shot Blocked by Colby Robak.
12:37 of 3rd period - Slapshot by Liam O'Brien.
12:37 of 3rd period - Shot Misses the Net.
12:39 of 3rd period - Slapshot by Tomas Kundratek.
12:39 of 3rd period - Stopped by Mike Condon without a rebound.
12:40 of 3rd period - Landon Ferraro wins face-off versus Connor Brickley in Comets zone.
13:38 of 3rd period - Ryan Martindale is hit by Tanner Richard and loses puck.
14:27 of 3rd period - Icing by Jared Boll.
14:28 of 3rd period - Brett Hextall wins face-off versus Jeremy Welsh in Comets zone.
14:35 of 3rd period - Backhand shot by Taylor Beck.
14:35 of 3rd period - Shot Hit the Post.
15:22 of 3rd period - Backhand shot by Daniel Briere.
15:22 of 3rd period - Shot Misses the Net.
15:24 of 3rd period - Slapshot by Michal Rozsival.
15:24 of 3rd period - Shot Misses the Net.
15:26 of 3rd period - Snap shot by Michal Rozsival.
15:26 of 3rd period - Stopped by Mike Condon with a rebound.
15:33 of 3rd period - Slapshot by Michal Rozsival.
15:33 of 3rd period - Shot Misses the Net.
16:00 of 3rd period - Wrist shot by Sven Baertschi.
16:00 of 3rd period - Shot Blocked by Connor Brickley.
16:02 of 3rd period - Wrist shot by Sven Baertschi.
16:02 of 3rd period - Deflect By Mike Sislo.
16:02 of 3rd period - Shot Blocked by Matthew Corrente.
16:02 of 3rd period - Puck is out of play.
16:03 of 3rd period - Mike Sislo wins face-off versus Daniel Briere in Rampage zone.
16:22 of 3rd period - Snap shot by Taylor Beck.
16:22 of 3rd period - Shot Misses the Net.
16:58 of 3rd period - Off-side.
16:59 of 3rd period - Steven Hodges wins face-off versus Jeremy Welsh in neutral zone.
17:11 of 3rd period - Penalty Shot by Corbin McPherson for Comets.
17:11 of 3rd period - Deke by Corbin McPherson.
17:11 of 3rd period - Stopped by Pheonix Copley.
17:12 of 3rd period - Ryan Martindale wins face-off versus Connor Brickley in Comets zone.
17:46 of 3rd period - Jeremy Welsh is hit by Taylor Beck and loses puck.
17:53 of 3rd period - Wrist shot by Christian Thomas.
17:53 of 3rd period - Shot Blocked by Yann Sauve.
19:08 of 3rd period - Andrew Ference is hit by Brett Hextall and loses puck.
19:39 of 3rd period - Sven Baertschi is hit by Daniel Briere and loses puck.
19:48 of 3rd period - Comets, Mike Condon is pulled from the net.
19:48 of 3rd period - Wrist shot by Sven Baertschi.
19:48 of 3rd period - Stopped by Pheonix Copley with a rebound.
19:50 of 3rd period - Wrist shot by Andrew Ference.
19:50 of 3rd period - Shot Misses the Net.
19:56 of 3rd period - Slapshot by Jared Boll.
19:56 of 3rd period - Deflect By Landon Ferraro.
19:56 of 3rd period - Stopped by Pheonix Copley without a rebound.
19:57 of 3rd period - Doug Houda call a timeout for Comets.
19:57 of 3rd period - Daniel Briere wins face-off versus Landon Ferraro in Rampage zone.
Goals for this period are 0 for Comets vs 0 for Rampage.
Shots for this period are 9 for Comets vs 3 for Rampage.